AoeStats
← 从不压堡之人

Arena

509602022Analyzed
4v4 RM · 5d ago on Sep 27, 2026· 61m 28s· 8 players
Game mode
Random Map
Map size
Large (8 player)
Population
200
Speed
Normal
Resources
Standard
Victory
Conquest
Starting age
Dark Age
Ending age
Imperial Age
RankedLock teamsTeams togetherTeam positionsShared explorationLock speedFull tech treeHidden civsTurbo modeCheats
Victory
Defeat
🇨🇳 Hindustanis · China
1070
+14
🇮🇳 Franks · India
1046
+15
🇨🇭 Celts · Switzerland
1034
+15
🇦🇷 Sicilians · Argentina
984
+18
🇨🇳 Turks · China
1034
-16
🇨🇳 Portuguese · China
1030
-16
🇨🇳 Celts · China
1026
-16
986
-14
从不压堡之人
9:22 Loom
11:21 Feudal Age
14:59 Castle Age
12:46 Double-Bit Axe
16:06 Bow Saw
15:38 Horse Collar
16:37 Heavy Plow
24:24 Wheelbarrow
26:23 Hand Cart
30:11 Imperial Age
27:46 Padded Archer Armor
28:16 Town Watch
28:28 Gold Mining
29:26 Leather Archer Armor
29:43 Ballistics
29:04 Treadmill Crane
29:59 Fletching
30:25 Fortified Wall
30:25 Masonry
31:55 Chemistry
31:48 Ring Archer Armor
31:16 Bodkin Arrow
33:08 Two-Man Saw
32:29 Siege Engineers
32:59 Crop Rotation
32:45 Stone Mining
33:24 Guilds
34:12 Arquebus
34:35 Caravan
35:13 Elite Organ Gun
36:12 Bracer
37:05 Circumnavigation
38:42 Conscription
38:50 Bombard Tower
39:00 Architecture
38:26 Murder Holes
38:23 Guard Tower
38:40 Scale Barding Armor
42:40 Town Patrol
44:29 Stone Shaft Mining
56:04 Capped Ram
我怕你审判长?
10:45 Feudal Age
14:28 Castle Age
12:38 Double-Bit Axe
12:35 Horse Collar
15:35 Bow Saw
15:40 Heavy Plow
19:49 Wheelbarrow
22:21 Gold Mining
23:46 Scale Barding Armor
23:44 Loom
24:42 Fletching
25:41 Chain Barding Armor
27:05 Forging
33:42 Iron Casting
34:25 Hand Cart
35:14 Stone Mining
39:13 Imperial Age
37:04 Hand Cart
36:34 Town Watch
37:30 Ballistics
39:38 Caravan
39:49 Stronghold
39:27 Heavy Scorpion
40:25 Furor Celtica
40:36 Conscription
42:19 Siege Engineers
43:15 Chemistry
44:23 Bodkin Arrow
46:48 Blast Furnace
45:49 Scale Mail Armor
45:19 Elite Woad Raider
51:11 Gold Shaft Mining
51:11 Stone Shaft Mining
51:00 Chain Mail Armor
51:08 Arson
52:16 Plate Mail Armor
57:58 Capped Ram
60:03 Siege Ram
洗心革面重新做人TownYan
9:47 Feudal Age
10:44 Double-Bit Axe
11:44 Loom
14:37 Castle Age
13:13 Horse Collar
15:33 Wheelbarrow
19:25 Bow Saw
20:45 Hand Cart
21:42 Gold Mining
23:27 Gold Shaft Mining
23:43 Town Watch
27:27 Imperial Age
25:32 Stone Mining
27:59 Padded Archer Armor
28:03 Heavy Plow
29:24 Chemistry
29:31 Leather Archer Armor
30:35 Shatagni
31:15 Ring Archer Armor
31:46 Siege Engineers
33:17 Ballistics
33:08 Masonry
33:11 Fortified Wall
40:25 Stone Shaft Mining
40:07 Caravan
40:09 Grand Trunk Road
40:32 Conscription
60:17 Two-Man Saw
60:19 Hoardings
59:06 Elite Ghulam
59:47 Scale Mail Armor
59:57 Forging
59:38 Fletching
59:53 Scale Barding Armor
60:41 Husbandry
60:51 Bloodlines
60:02 Heavy Camel Rider
60:52 Thumb Ring
61:08 Block Printing
61:19 Illumination
61:29 Theocracy
60:51 Murder Holes
60:47 Guard Tower
61:03 Town Patrol
LLK是给
10:49 Feudal Age
11:26 Double-Bit Axe
14:37 Castle Age
12:54 Horse Collar
16:25 Loom
17:44 Gold Mining
18:54 Wheelbarrow
18:26 Town Watch
18:55 Heavy Plow
21:16 Scale Barding Armor
21:50 Gold Shaft Mining
22:14 Bloodlines
22:04 Husbandry
23:59 Stone Mining
24:28 Forging
25:37 Hand Cart
25:58 Husbandry
26:37 Chain Barding Armor
31:07 Imperial Age
29:17 Iron Casting
32:36 Plate Barding Armor
33:01 Blast Furnace
33:14 Blast Furnace
34:23 Caravan
34:55 Coinage
34:35 Guilds
35:09 Fletching
35:12 Treadmill Crane
37:07 Bow Saw
37:31 Bodkin Arrow
39:28 Bracer
39:41 Masonry
39:51 Ballistics
39:56 Bombard Tower
39:59 Conscription
39:54 Artillery
41:26 Banking
42:20 Heavy Camel Rider
44:30 Masonry
44:17 Murder Holes
47:12 Architecture
49:14 Arrowslits
49:20 Guard Tower
¬"M°rph!ne !? .CH
9:29 Loom
11:22 Feudal Age
15:55 Castle Age
27:44 Double-Bit Axe
35:17 Fletching
39:23 Imperial Age
37:40 Scale Mail Armor
38:30 Forging
38:43 Masonry
37:56 Pikeman
38:24 Arson
40:35 Iron Casting
41:58 Capped Ram
44:26 Conscription
44:16 Halberdier
46:32 Furor Celtica
47:57 Bodkin Arrow
我的哈哈哈
10:34 Feudal Age
14:09 Castle Age
12:05 Double-Bit Axe
13:39 Horse Collar
16:21 Loom
17:40 Loom
20:39 Bow Saw
21:51 Heavy Plow
23:24 Fletching
24:21 Wheelbarrow
24:07 Stone Mining
24:16 Bodkin Arrow
29:08 Imperial Age
27:11 Gold Mining
27:58 Stone Shaft Mining
27:28 Scale Mail Armor
27:40 Forging
27:36 Scale Barding Armor
29:01 Hand Cart
28:34 Town Watch
29:38 Iron Casting
30:08 Bloodlines
30:46 Chain Barding Armor
30:29 Husbandry
32:39 Two-Man Saw
33:24 Blast Furnace
32:59 Plate Barding Armor
32:41 Murder Holes
32:52 Heavy Camel Rider
34:04 Town Patrol
37:02 Chemistry
36:24 Ballistics
40:42 Gold Shaft Mining
40:10 Imperial Camel Rider
41:07 Padded Archer Armor
41:08 Bracer
41:37 Conscription
40:58 Elite Skirmisher
41:47 Thumb Ring
42:25 Siege Engineers
42:38 Leather Archer Armor
42:24 Scale Mail Armor
44:46 Light Cavalry
47:23 Hussar
POCHO
5:24 Loom
12:15 Feudal Age
17:12 Castle Age
15:24 Double-Bit Axe
15:40 Horse Collar
19:16 Wheelbarrow
19:26 Squires
20:00 Heavy Plow
22:59 Arson
23:32 Town Watch
24:43 Gambesons
27:27 Murder Holes
28:12 Bow Saw
28:30 Gold Mining
29:30 First Crusade
30:01 Hand Cart
31:03 Scale Mail Armor
31:15 Forging
35:33 Imperial Age
33:19 Pikeman
34:12 Masonry
35:25 Ballistics
35:54 Chain Mail Armor
36:14 Iron Casting
36:51 Conscription
37:11 Hoardings
38:04 Town Patrol
38:59 Plate Mail Armor
39:29 Blast Furnace
39:27 Stone Mining
40:14 Gold Shaft Mining
40:11 Crop Rotation
41:37 Chemistry
40:43 Halberdier
41:36 Sappers
43:16 Elite Serjeant
54:07 Stone Shaft Mining
54:20 Padded Archer Armor
55:12 Elite Skirmisher
57:25 Leather Archer Armor
57:01 Fletching
58:03 Caravan
Valstrax
10:56 Feudal Age
15:13 Castle Age
13:30 Double-Bit Axe
14:18 Gold Mining
16:55 Bow Saw
21:31 Loom
25:00 Husbandry
25:51 Scale Barding Armor
26:41 Wheelbarrow
26:51 Chain Barding Armor
27:44 Forging
31:13 Imperial Age
31:04 Treadmill Crane
31:44 Ballistics
31:44 Cavalier
33:13 Gold Shaft Mining
32:28 Stone Mining
33:15 Plate Barding Armor
33:16 Iron Casting
33:29 Fletching
33:39 Padded Archer Armor
33:44 Elite Skirmisher
35:35 Bodkin Arrow
36:55 Leather Archer Armor
37:26 Hand Cart
40:20 Chemistry
41:25 Paladin
45:37 Iron Casting
48:09 Blast Furnace
47:15 Siege Engineers
50:05 Chivalry
50:42 Hoardings
51:03 Light Cavalry
Connection lost

Rejoining the realm…

Still unreachable

The connection could not be restored.

Session expired

The server has moved on; the page needs a fresh start.